 Dungeon Sprint DCSS version 0.18.1-8-gdd0e5ea (webtiles) character file.

2239 Hipnos the Geomancer (level 9, -11/40 HPs)
             Began as a Spriggan Earth Elementalist on May 21, 2016.
             Was the Champion of Sif Muna.
             Shot with an arrow by a centaur warrior (20 damage)
             ... in the Dungeon (Sprint I: "Red Sonja").
             The game lasted 00:07:30 (1094 turns).

Hipnos the Geomancer (Spriggan Earth Elementalist)  Turns: 1094, Time: 00:07:31

Health: -11/40     AC:  2    Str:  4    XL:     9   Next: 14%
Magic:  11/26      EV: 23    Int: 20    God:    Sif Muna [******]
Gold:   523        SH:  0    Dex: 16    Spells: 6 memorised, 12 levels left

rFire  + . .     SeeInvis +       - Unarmed
rCold  . . .     Gourm    .     b - +0 robe {rF+}
rNeg   . . .     Faith    .     (shield restricted)
rPois  .         Spirit   .     (helmet restricted)
rElec  .         Dismiss  .     (no cloak)
rCorr  .         Reflect  .     (gloves unavailable)
SustAt .         Harm     .     (boots unavailable)
MR     +....     NoTele   +     (no amulet)
Stlth  +++.......               (no ring)
                                (no ring)

@: very quick, somewhat resistant to hostile enchantments, fairly stealthy
A: unfitting armour, see invisible, herbivore 3, speed 3, slow metabolism 2
a: Channel Energy, Forget Spell, Renounce Religion


You were in the Dungeon.
You worshipped Sif Muna.
Sif Muna was exalted by your worship.
You were not hungry.

You visited 1 branch You collected 630 gold pieces.
You spent 107 gold pieces at shops.

Inventory:

Missiles
 n - 24 stones (quivered)
Armour
 a - a +0 robe
 b - a +0 robe of fire resistance (worn)
Wands
 i - a wand of teleportation (1/9)
 o - a wand of random effects (16/48)
Scrolls
 j - a scroll of blinking
 l - 2 scrolls of identify {unknown}
 m - a scroll of amnesia {unknown}
Potions
 e - a potion of curing
 f - a potion of heal wounds
 g - a potion of haste
Books
 c - a book of Geomancy

   Spells                             Type                      Level
   a - Sandblast                      Earth                        1
   b - Passwall                       Transmutation/Earth          2
   c - Stone Arrow                    Conjuration/Earth            3
   d - Petrify                        Transmutation/Earth          4
   e - Lee's Rapid Deconstruction     Earth                        5
 k - Sif Muna's Collected Works on Venomous Heat
   (Sif Muna gifted it to you in the Dungeon)

   Spells                             Type                      Level
   a - Throw Flame                    Conjuration/Fire             2
   b - Ignite Poison                  Fire/Transmutation/Poison    3
   c - Spider Form                    Transmutation/Poison         3
   d - Fireball                       Conjuration/Fire             5
   e - Bolt of Magma                  Conjuration/Fire/Earth       5
   f - Venom Bolt                     Conjuration/Poison           5
   g - Alistair's Intoxication        Transmutation/Poison         5
   h - Poison Arrow                   Conjuration/Poison           6
Comestibles
 d - a bread ration


   Skills:
 + Level 0.5 Fighting
 + Level 8.4 Dodging
 - Level 3.0 Stealth
 + Level 1.8 Unarmed Combat
 + Level 12.3 Spellcasting
 * Level 5.3 Conjurations
 + Level 1.3 Transmutations
 * Level 13.9 Earth Magic


You had 12 spell levels left.
You knew the following spells:

 Your Spells              Type           Power        Failure   Level  Hunger
a - Sandblast             Erth           ######       0%          1    None
b - Passwall              Trmt/Erth      #####.....   1%          2    None
c - Stone Arrow           Conj/Erth      ######       1%          3    None
d - Petrify               Trmt/Erth      #####...     2%          4    #......
e - Lee's Rapid Deconstr  Erth           ######....   1%          5    ####...
f - Bolt of Magma         Conj/Fire/Erth #####.....   12%         5    ####...


Dungeon Overview and Level Annotations

Branches:
Dungeon (1/1)

Altars:
Cheibriados
Dithmenos
Elyvilon
Fedhas
Gozag
Kikubaaqudgha
Makhleb
Nemelex Xobeh
Okawaru
Pakellas
Qazlal
Ru
Sif Muna
Trog
Vehumet
Xom
Yredelemnul
Zin
The Shining One
Jiyva

Shops:
D [?[


Innate Abilities, Weirdness & Mutations

You are tiny and cannot use many weapons and most armour.
You have supernaturally acute eyesight.
You are a herbivore.
You cover ground extremely quickly.
You need consume almost no food.


Message History

The blast of rock fragments hits the kobold demonologist.
You kill the kobold demonologist!
The blast of rock fragments hits the white imp.
You kill the white imp!
The iron imp disappears in a puff of smoke!
The centaur warrior hits you!
Casting: Lee's Rapid Deconstruction
Confirm with . or Enter, or press ? or * to list all spells.
Aiming: Bolt of Magma
Press: ? - help, Shift-Dir - straight line, f - centaur warrior
Aim: a centaur warrior (heavily wounded)
The bolt of magma misses the centaur warrior.
The bolt of magma hits the centaur warrior.
The centaur warrior is severely wounded.
The centaur warrior hits you!
* * * LOW HITPOINT WARNING * * *
The centaur warrior wields a longbow.
The centaur warrior shoots an arrow.
The arrow hits you!!
Ouch! That really hurt!
You die...

#########################
<.#..'..#.)'..#_c#§.....#
..'..#..'..#..'.@(c)....#
..#####'#####'#__###.)..+
).####..#...#.#### ###
..#__####..##(#
..#_.___##'#..+
⌠⌠#_.∩...'.(._#
###_..._##_.#'##+###
#_____###'#(#....###
###########)####'###.##


You could see 2 centaur warriors.

Vanquished Creatures
  Sonja (D)
  A deep troll (D)
  2 kobold demonologists (D)
  A slime creature (D)
  Sigmund (D)
  A yak (D)
  A giant eyeball (D)
  An ogre (D)
  A jelly (D)
  Ijyb (D)
11 creatures vanquished.

Vanquished Creatures (others)
  A gargoyle (D)
1 creature vanquished.

Grand Total: 12 creatures vanquished

Notes
Turn   | Place    | Note
--------------------------------------------------------------
     0 | D        | Hipnos the Spriggan Earth Elementalist began the quest for the Orb.
     0 | D        | Reached XP level 1. HP: 9/9 MP: 5/5
     2 | D        | Noticed Ijyb
    20 | D        | Killed Ijyb
    20 | D        | Reached skill level 5 in Earth Magic
    20 | D        | Reached XP level 2. HP: 11/13 MP: 1/8
    81 | D        | Learned a level 2 spell: Passwall
   140 | D        | Noticed an ogre
   150 | D        | Killed an ogre
   150 | D        | Reached skill level 5 in Dodging
   150 | D        | Reached skill level 5 in Spellcasting
   150 | D        | Reached skill level 7 in Earth Magic
   150 | D        | Reached XP level 3. HP: 16/16 MP: 4/11
   150 | D        | Reached XP level 4. HP: 21/21 MP: 4/12
   160 | D        | Learned a level 3 spell: Stone Arrow
   165 | D        | Learned a level 4 spell: Petrify
   218 | D        | Noticed Sigmund
   222 | D        | Killed Sigmund
   222 | D        | Reached skill level 1 in Unarmed Combat
   222 | D        | Reached skill level 9 in Earth Magic
   222 | D        | Reached XP level 5. HP: 24/24 MP: 9/15
   265 | D        | Found a deep blue altar of Sif Muna.
   267 | D        | Found a radiant altar of Vehumet.
   271 | D        | Became a worshipper of Sif Muna the Loreminder
   275 | D        | Reached XP level 6. HP: 18/28 MP: 15/17
   302 | D        | Learned a level 5 spell: Lee's Rapid Deconstruction
   386 | D        | Found Pyziegha's Magic Scroll Emporium.
   386 | D        | Found a white marble altar of Elyvilon.
   386 | D        | Found a stormy altar of Qazlal.
   386 | D        | Found a burning altar of Makhleb.
   386 | D        | Found a sacrificial altar of Ru.
   386 | D        | Found an oddly glowing altar of Pakellas.
   386 | D        | Found a basalt altar of Yredelemnul.
   386 | D        | Found a glowing golden altar of the Shining One.
   386 | D        | Found a sparkling altar of Nemelex Xobeh.
   386 | D        | Found a shimmering altar of Xom.
   386 | D        | Found an opulent altar of Gozag.
   386 | D        | Found an ancient bone altar of Kikubaaqudgha.
   386 | D        | Found a glowing silver altar of Zin.
   386 | D        | Noticed a yak
   400 | D        | Killed a yak
   400 | D        | Reached * piety under Sif Muna
   400 | D        | Reached skill level 10 in Earth Magic
   409 | D        | Found an iron altar of Okawaru.
   410 | D        | Found a bloodstained altar of Trog.
   578 | D        | Found a snail-covered altar of Cheibriados.
   578 | D        | Found a viscous altar of Jiyva.
   578 | D        | Found a shadowy altar of Dithmenos.
   578 | D        | Found a blossoming altar of Fedhas.
   578 | D        | Noticed a slime creature
   610 | D        | Killed a slime creature
   610 | D        | Reached ** piety under Sif Muna
   610 | D        | Reached skill level 11 in Earth Magic
   610 | D        | Reached XP level 7. HP: 32/32 MP: 4/20
   738 | D        | Noticed Sonja
   742 | D        | Killed Sonja
   742 | D        | Reached *** piety under Sif Muna
   742 | D        | Reached **** piety under Sif Muna
   742 | D        | Reached ***** piety under Sif Muna
   742 | D        | Reached skill level 10 in Spellcasting
   742 | D        | Reached skill level 12 in Earth Magic
   742 | D        | Reached XP level 8. HP: 36/36 MP: 8/23
   831 | D        | Found Woadamau's Armour Boutique.
   839 | D        | Bought a +0 robe of fire resistance for 107 gold pieces
   861 | D        | Noticed a deep troll
   932 | D        | Killed a deep troll
   932 | D        | Reached ****** piety under Sif Muna
   932 | D        | Received a gift from Sif Muna
   932 | D        | Reached skill level 13 in Earth Magic
   933 | D        | Identified Sif Muna's Collected Works on Venomous Heat (Sif Muna gifted it to you in the Dungeon)
   940 | D        | Learned a level 5 spell: Bolt of Magma
  1034 | D        | Killed a gargoyle
  1040 | D        | Found Unashra's Armour Emporium.
  1085 | D        | Noticed a kobold demonologist
  1085 | D        | Reached skill level 5 in Conjurations
  1085 | D        | Noticed a kobold demonologist
  1086 | D        | Noticed a soul eater
  1086 | D        | Killed a kobold demonologist
  1086 | D        | Reached XP level 9. HP: 40/40 MP: 14/26
  1089 | D        | Noticed a centaur warrior
  1093 | D        | Noticed a centaur warrior
  1093 | D        | Killed a kobold demonologist
  1094 | D        | Shot with an arrow by a centaur warrior

Skill      XL: |  1  2  3  4  5  6  7  8 |
---------------+-------------------------+-----
Dodging        | 4 5 6 7 8 |  8.4
Spellcasting   | 4 5 7 8 10 12 | 12.3
Earth Magic    | 5 7 9 11 12 13 | 13.9
Unarmed Combat | 1 |  1.8
Conjurations   | 2 3 4 5 |  5.3
Fighting       | |  0.5
Stealth        | |  3.0
Transmutations | |  1.3

Action                   |  1- 3 |  4- 6 |  7- 9 || total
-------------------------+-------+-------+-------++-------
Melee: Unarmed           |     5 |       |       ||     5
 Cast: Sandblast         |    11 |    16 |    16 ||    43
       Stone Arrow       |       |     3 |    12 ||    15
       Lee's Rapid Decon |       |       |     4 ||     4
       Bolt of Magma     |       |       |     1 ||     1
  Use: Potion            |     2 |       |     1 ||     3
Armor: Robe              |     1 |       |       ||     1
Dodge: Dodged            |    10 |     6 |     7 ||    23
